 Dungeon Crawl Stone Soup version 0.17-a0-1468-gbf503c2 (webtiles) character file.

28 patman the Caller (level 3, -8/21 HPs)
             Began as an Octopode Summoner on July 1, 2015.
             Was an Initiate of Okawaru.
             Mangled by a gnoll
             ... wielding a +0 flail
              (16 damage)
             ... on level 3 of the Dungeon.
             The game lasted 00:04:35 (1067 turns).

patman the Caller (Octopode Summoner)               Turns: 1067, Time: 00:04:36

Health: -8/21      AC:  1    Str:  7    XL:     3   Next: 14%
Magic:  3/6        EV: 12    Int: 17    God:    Okawaru [......]
Gold:   104        SH:  0    Dex: 15    Spells: 2 memorised, 2 levels left

rFire  . . .     SeeInvis .     q - +0 spear
rCold  . . .     Clarity  .     (no shield)
rNeg   . . .     SustAt   .     (helmet restricted)
rPois  .         Gourm    .     (no amulet)
rElec  .         Spirit   .     g - +2 ring of dexterity
rCorr  .         Warding  .     (no ring)
rMut   .         Stasis   .     (no ring)
MR     .....                    (no ring)
Stlth  +++.......               (no ring)
                                (no ring)
                                (no ring)
                                (no ring)

@: not resistant to hostile enchantments, fairly stealthy
A: almost no armour, amphibious, 8 rings, constrict 8, camouflage 1, gelatinous
body 1
a: Renounce Religion


You were on level 3 of the Dungeon.
You worshipped Okawaru.
Okawaru was noncommittal.
You were not hungry.

You visited 1 branch of the dungeon, and saw 3 of its levels.

You collected 104 gold pieces.

Inventory:

Hand weapons
 d - a +0 short sword
 q - a +0 spear (weapon)
Jewellery
 g - a +2 ring of dexterity (left tentacle)
 m - an uncursed ring of ice {unknown}
Scrolls
 i - a scroll of teleportation {unknown}
 l - a scroll of recharging {unknown}
 n - a scroll of amnesia {unknown}
 p - a scroll of remove curse {unknown}
 r - a scroll of identify {unknown}
Potions
 c - a potion of agility {unknown}
 e - a potion of mutation {unknown}
 h - a potion of curing {unknown}
 j - a potion of heal wounds {unknown}
 k - a potion of ambrosia {unknown}
Books
 a - a book of Callings

   Spells                             Type                      Level
   a - Summon Small Mammal            Summoning                    1
   b - Call Imp                       Summoning                    2
   c - Call Canine Familiar           Summoning                    3
   d - Summon Guardian Golem          Hexes/Summoning              3
   e - Summon Lightning Spire         Summoning/Air                4
   f - Summon Ice Beast               Ice/Summoning                4
Comestibles
 b - a bread ration
 o - a beef jerky


   Skills:
 - Level 2.0 Dodging
 - Level 2.6 Stealth
 - Level 2.0 Spellcasting
 + Level 5.0 Summonings


You had 2 spell levels left.
You knew the following spells:

 Your Spells              Type           Power        Failure   Level  Hunger
a - Call Canine Familiar  Summ           ###.....     10%         3    ###....
u - Summon Small Mammal   Summ           ###.         2%          1    #......


Dungeon Overview and Level Annotations

Branches:
Dungeon (3/15)

Altars:
Okawaru
Ru
Trog
Xom


Innate Abilities, Weirdness & Mutations

You cannot wear most types of armour.
You are amphibious.
You can wear up to eight rings at the same time.
You can use your tentacles to constrict eight enemies at once.
Your skin changes colour to match your surroundings (Stealth).
Your rubbery body absorbs attacks (AC +1).


Message History

Your hound barely misses the gnoll.
Attack whom?
Press: ? - help, Dir - move target cursor, f/p - gnoll
Aim: a gnoll, wielding a flail You could not reach far enough!
Your hound closely misses the gnoll.
The gnoll closely misses your hound.
Your hound barely misses the gnoll.
Your hound bites the gnoll.
The gnoll hits you with a flail!
Unknown command.
You closely miss the gnoll. Your grab misses the gnoll.
The gnoll is lightly wounded.
Your hound bites the gnoll. x2
The gnoll barely misses your hound.
You hit the gnoll. You grab the gnoll.
You squeeze the gnoll, but do no damage.
The gnoll is severely wounded.
You constrict the gnoll.
Your hound bites the gnoll.
Your hound bites the gnoll but does no damage.
The gnoll hits you with a flail!
Ouch! That really hurt!
You die...

#. .#####.
.....#.
....... .....
##.#.## #
#.....##.####
#.#.#<.......
#...@h#...###
####g## .....
..# #### ####


You could see a gnoll and a friendly hound.

Vanquished Creatures
  A gnoll (D:2)
  4 giant cockroaches
  A goblin (D:1)
  A hobgoblin (D:1)
  A bat (D:1)
  2 giant newts (D:2)
  4 kobolds
  6 rats
20 creatures vanquished.

Vanquished Creatures (others)
  A bat (D:3)
1 creature vanquished.

Grand Total: 21 creatures vanquished

Notes
Turn   | Place    | Note
--------------------------------------------------------------
     0 | D:1      | patman the Octopode Summoner began the quest for the Orb.
     0 | D:1      | Reached XP level 1. HP: 11/11 MP: 3/3
   297 | D:1      | Reached XP level 2. HP: 13/17 MP: 5/5
   686 | D:2      | Found an iron altar of Okawaru.
   691 | D:2      | Became a worshipper of Warmaster Okawaru
   705 | D:2      | Found a sacrificial altar of Ru.
   707 | D:2      | Found a shimmering altar of Xom.
   844 | D:2      | Found a bloodstained altar of Trog.
   911 | D:2      | Reached skill level 5 in Summonings
   911 | D:2      | Reached XP level 3. HP: 9/21 MP: 6/6
   916 | D:2      | Learned a level 3 spell: Call Canine Familiar
  1067 | D:3      | Mangled by a gnoll

Vault maps used:
D:1:      lightli_arrival_statuegarden
D:2:      okawaru_metal_pillars_1_2, grunt_temple_overflow_open
D:3:      elyvilon_altar_4, uniq_natasha

Action                   || total
-------------------------++-------
Melee: Short sword       ||    26
       Unarmed           ||     1
       Spear             ||    14
 Cast: Call Canine Famil ||     2
 Stab: Sleeping          ||     8
  Eat: Royal jelly       ||     1
